 Dungeon Crawl Stone Soup version 0.28-a0-863-g8cecda6153 (webtiles) character file.

Game seed: 16598702269445503349

2523 jasper the Magician (level 9, 0/66 HPs)
             Began as a Demonspawn Hedge Wizard on Nov 18, 2021.
             Killed from afar by an acid dragon (25 damage)
             ... with a splash of acid
             ... on level 8 of the Dungeon.
             The game lasted 00:19:19 (9495 turns).

jasper the Magician (Demonspawn Hedge Wizard)       Turns: 9495, Time: 00:19:20

Health: 0/66       AC:  3    Str: 17    XL:     9   Next: 29%
Magic:  19/19      EV: 12    Int: 19    God:
Gold:   291        SH:  0    Dex: 12    Spells: 2/21 levels left

rFire   . . .      SeeInvis +   w - +1 dagger (vamp)
rCold   + + +      Faith    .   (no shield)
rNeg    . . .      Spirit   .   b - +0 robe
rPois   +          Reflect  .   i - +0 helmet
rElec   .          Harm     .   (no cloak)
rCorr   .          Rampage  .   (no gloves)
Will    .....                   g - +0 pair of boots
Stlth   ++........              (no amulet)
HPRegen 0.21/turn               y - ring "Damnable Contraption" {*Corrode rC+++ Str+6 SInv}
MPRegen 0.16/turn               q - ring of poison resistance

@: corroded, freezing walls, hasted, very quick
A: hooves 2, thin metallic scales 2, foul stench 1, powered by pain 2
a: no special abilities


You were on level 8 of the Dungeon.
You visited 1 branch of the dungeon, and saw 8 of its levels.

You collected 291 gold pieces.

Inventory:

Hand Weapons
 a - a +0 dagger
 f - a +0 hand axe
 p - a +0 hand crossbow
 w - a +1 vampiric dagger (weapon)
 F - a +0 long sword
Missiles
 e - 195 stones
 h - 49 arrows
 l - 2 boomerangs
 o - 2 throwing nets
 r - 9 bolts
 t - 39 poisoned darts
 u - 6 datura-tipped darts
 E - a curare-tipped dart
Armour
 b - a +0 robe (worn)
 c - a +0 hat
 g - a +0 pair of boots (worn)
 i - a +0 helmet (worn)
 D - a +1 leather armour of positive energy
Magical Staves
 j - a staff of death
 x - a staff of fire
 A - a staff of earth
 C - a staff of air
Jewellery
 q - a ring of poison resistance (right hand)
 y - the ring "Damnable Contraption" (left hand) {*Corrode rC+++ Str+6 SInv}
   (You found it on level 5 of the Dungeon)

   [ring of see invisible]

   Str:       It affects your strength (+6).
   rC:        It renders you almost immune to cold.
   SInv:      It lets you see invisible.
   *Corrode:  It may corrode you when you take damage.
Scrolls
 d - 7 scrolls of teleportation
 m - a scroll of identify
 s - a scroll of noise
 z - a scroll of blinking
 B - a scroll of holy word {unknown}
 G - a scroll of immolation {unknown}
Potions
 n - 2 potions of brilliance
 v - a potion of mutation {unknown}


   Skills:
 + Level 4.3 Fighting
 - Level 1.7 Dodging
 - Level 1.7 Stealth
 + Level 6.9 Spellcasting
 - Level 4.0 Conjurations
 - Level 1.3 Hexes
 - Level 2.4 Summonings
 - Level 2.2 Translocations
 - Level 2.0 Fire Magic
 * Level 5.8 Ice Magic
 - Level 2.0 Air Magic
 - Level 2.1 Poison Magic


You had 2 spell levels left.
You knew the following spells:

 Your Spells              Type           Power      Damage    Failure   Level
a - Magic Dart            Conj           84%        1d7       1%          1
b - Blink                 Tloc           30%        N/A       6%          2
c - Call Imp              Summ           15%        N/A       6%          2
d - Slow                  Hex            44%        N/A       6%          1
e - Conjure Flame         Conj/Fire      17%        6-21      9%          3
f - Mephitic Cloud        Conj/Pois/Air  16%        N/A       10%         3
g - Frozen Ramparts       Ice            56%        1d7       2%          3
h - Summon Ice Beast      Ice/Summ       22%        N/A       19%         4

Your spell library contained the following spells:

 Spells                   Type           Power      Damage    Failure   Level
 Ice Form                 Ice/Tmut       17%        N/A       30%         4


Dungeon Overview and Level Annotations

Branches:
Dungeon (8/15)
 Temple: D:4-7         Lair: D:8-11

Altars:
Nemelex Xobeh
Ru
Trog
The Shining One


Innate Abilities, Weirdness & Mutations

You have hoof-like feet.
You are mostly covered in thin metallic scales. (AC +3)
You may rarely emit foul miasma when damaged in melee.
You sometimes gain power by taking damage.


Message History

The howler monkey zombie hits you.
The wall freezes the sky beast.
You kill the sky beast!
You take 3 damage, and have 46/66 hp.
You hit the acid dragon but do no damage.
The acid dragon is severely wounded.
The wall freezes the acid dragon!
The wall freezes the acid dragon.
The acid dragon closely misses you.
The acid dragon claws you but does no damage.
The howler monkey zombie completely resists.
The wall freezes the howler monkey zombie but does no damage.
The howler monkey zombie closely misses you.
The wall freezes the acid dragon.
The acid dragon spits acid at you. The splash of acid misses you.
You closely miss the acid dragon.
The acid dragon is severely wounded.
The howler monkey zombie completely resists.
The wall freezes the howler monkey zombie but does no damage.
The howler monkey zombie hits you but does no damage.
The wall freezes the acid dragon.
The acid dragon spits acid at you. The splash of acid hits you!!
You focus on the pain.
You feel your power returning. The acid corrodes you!
The wall freezes the acid dragon.
The acid dragon barely misses you.
The acid dragon claws you but does no damage.
You take 21 damage, and have 25/66 hp.
MASSIVE DAMAGE!!
MP restored: 19
Casting: Frozen Ramparts (dangerous; 2% risk of failure)
Confirm with . or Enter, or press ? or * to list all spells.
Okay, then.
You feel yourself speed up.
The howler monkey zombie completely resists.
The wall freezes the howler monkey zombie but does no damage.
The howler monkey zombie hits you but does no damage.
The wall freezes the acid dragon.
You kill the acid dragon!
The wall freezes the acid dragon.
The acid dragon spits acid at you. The splash of acid hits you!!
You die...

.>....## ###.##.
.......# ##.#..
......## #.....
......# #.....
.....## #.....
.....# # ##.#...
....## #. ###
#.###.. ...##
#..#.#### #.# ###
.###
#.@.#.#######)# #
.#
#..Z#D.......#.##
#.
#...#...#.####.#)#
#. ...#..#.####
#...# .# #.###
####.## ## #..))#
###'### #≈≈≈≈≈#
#≈≈≈≈≈#


You could see an acid dragon (catching breath) and a howler monkey zombie.

Vanquished Creatures
  2 hornets (D:7)
  Menkaure (D:6)
  An acid dragon (D:8)
  An orc warrior (D:8)
  An ice beast (D:6)
  2 sky beasts
  A black bear (D:7)
  A phantom (D:5)
  A kobold brigand (D:7)
  3 bullfrogs
  A scorpion (D:6)
  A killer bee (D:8)
  3 wights (D:7)
  A bullfrog zombie (D:6)
  A bullfrog skeleton (D:7)
  2 jellies
  3 orc priests
  A centaur skeleton (D:5)
  3 hounds (D:5)
  An iguana (D:6)
  3 orc wizards
  A hound zombie (D:5)
  A hound skeleton (D:5)
  A howler monkey zombie (D:8)
  4 gnolls
  4 adders
  A shadow imp (D:4)
  A white imp (D:6)
  An adder skeleton (D:4)
  An adder zombie (D:5)
  A worm (D:2)
  2 dart slugs (D:5)
  23 orcs
  7 ball pythons
  5 bats
  6 endoplasms
  4 goblins
  3 hobgoblins
  2 jackals (D:4)
  A quokka (D:4)
  2 frilled lizards
  10 kobolds
  6 rats
121 creatures vanquished.

Vanquished Creatures (collateral kills)
  A black bear (D:6)
  An orc warrior (D:7)
  A scorpion (D:4)
  An orc wizard (D:3)
  A gnoll (D:5)
  2 adders
  2 worms
  A dart slug (D:3)
  5 orcs (D:3)
  An endoplasm (D:3)
  A giant cockroach (D:3)
  A goblin (D:3)
  A quokka (D:5)
  A bat (D:3)
  4 kobolds
24 creatures vanquished.

Grand Total: 145 creatures vanquished

Notes
Turn   | Place    | Note
-------+----------+-------------------------------------------
     0 | D:1      | jasper the Demonspawn Hedge Wizard began the quest for the
                  | Orb.
     0 | D:1      | Reached XP level 1. HP: 13/13 MP: 4/4
   218 | D:1      | Reached skill level 1 in Translocations
   329 | D:1      | Gained mutation: You sometimes gain a little power by
                  | taking damage. [demonic ancestry]
   329 | D:1      | Reached XP level 2. HP: 19/19 MP: 0/6
   390 | D:1      | Learned a level 2 spell: Blink
   393 | D:1      | Learned a level 2 spell: Call Imp
   395 | D:1      | Learned a level 1 spell: Slow
   852 | D:1      | Found a faded altar of an unknown god.
  1419 | D:3      | Gained mutation: You are partially covered in thin metallic
                  | scales. (AC +2) [demonic ancestry]
  1419 | D:3      | Reached XP level 3. HP: 4/24 MP: 1/7
  1869 | D:3      | Reached skill level 1 in Hexes
  2126 | D:3      | Learned a level 3 spell: Conjure Flame
  2282 | D:3      | Gained mutation: You have large cloven feet. [demonic
                  | ancestry]
  2282 | D:3      | Reached XP level 4. HP: 30/30 MP: 7/9
  2600 | D:3      | Found a bloodstained altar of Trog.
  2600 | D:3      | Found a sparkling altar of Nemelex Xobeh.
  2600 | D:3      | Found a sacrificial altar of Ru.
  3699 | D:2      | Reached skill level 4 in Spellcasting
  4512 | D:4      | Noticed a scorpion
  4521 | D:4      | Killed a scorpion
  4522 | D:4      | Gained mutation: You are mostly covered in thin metallic
                  | scales. (AC +3) [demonic ancestry]
  4522 | D:4      | Reached XP level 5. HP: 26/35 MP: 4/11
  4734 | D:3      | Learned a level 3 spell: Mephitic Cloud
  5027 | D:4      | Gained mutation: You may rarely emit foul miasma when
                  | damaged in melee. [demonic ancestry]
  5027 | D:4      | Reached XP level 6. HP: 27/41 MP: 9/12
  5326 | D:5      | Entered Level 5 of the Dungeon
  5507 | D:5      | Reached skill level 1 in Poison Magic
  5717 | D:5      | Reached skill level 1 in Fire Magic
  5717 | D:5      | Reached skill level 1 in Air Magic
  5719 | D:5      | Identified the ring "Damnable Contraption" {*Corrode rC+++
                  | Str+6 SInv}
  6007 | D:5      | Reached skill level 5 in Spellcasting
  6236 | D:5      | Gained mutation: You sometimes gain power by taking damage.
                  | [demonic ancestry]
  6236 | D:5      | Reached XP level 7. HP: 22/46 MP: 10/14
  7389 | D:6      | Learned a level 3 spell: Frozen Ramparts
  7497 | D:6      | Reached skill level 1 in Ice Magic
  7650 | D:6      | Noticed Menkaure
  7847 | D:6      | Killed Menkaure
  7848 | D:6      | Reached skill level 1 in Fighting
  7848 | D:6      | Reached XP level 8. HP: 29/54 MP: 16/16
  8064 | D:6      | Noticed a green ugly thing
  8137 | D:7      | Noticed a hornet
  8161 | D:7      | Killed a hornet
  8162 | D:7      | Reached skill level 6 in Spellcasting
  8163 | D:7      | Noticed a hornet
  8197 | D:7      | Learned a level 4 spell: Summon Ice Beast
  8759 | D:7      | Paralysed by a hornet for 3 turns
  8768 | D:7      | Killed a hornet
  8769 | D:7      | Reached skill level 5 in Ice Magic
  8769 | D:7      | Gained mutation: You have hoof-like feet. [demonic
                  | ancestry]
  8769 | D:7      | Reached XP level 9. HP: 28/65 MP: 15/18
  9495 | D:8      | Killed from afar by an acid dragon

Illustrated notes

Levels and vault maps discovered:
D:1:      sevenhm_arrival_forest_fort_small_1, layout_basic,
          shapermc_ecumenical_altar_mp_urbaneastern, chequers_decorated_corner
D:2:      layout_basic, serial_co_window_serial, co_window_paths_b,
          co_window_paths_a, co_window_cross_1, co_window_paths_b,
          co_window_paths_b, co_window_of_opportunity_c, co_window_2corner,
          co_window_broadway_c
D:3:      layout_rooms, gammafunk_temple_overflow_claw, minmay_circle_x
D:4:      layout_rooms, kennysheep_mini_moat
D:5:      layout_basic
D:6:      layout_rooms, makhleb_blood_cavern_becter, minmay_temple_entry_waves,
          uniq_menkaure
D:7:      layout_basic
D:8:      minmay_spotlight, layout_cave_pods, serial_rivers,
          chequers_serial_rivers_room_b, chequers_serial_rivers_room_b,
          chequers_serial_rivers_marsh, chequers_serial_rivers_small_3,
          kennysheep_generic_room_3

Skill      XL: |  1  2  3  4  5  6  7  8  9 |
---------------+----------------------------+-----
Translocations | 1 2 |  2.2
Hexes          | 1 |  1.3
Summonings     | 2 |  2.4
Spellcasting   | 4 5 6 |  6.9
Conjurations   | 2 4 |  4.0
Poison Magic   | 1 2 |  2.1
Fire Magic     | 1 2 |  2.0
Air Magic      | 1 2 |  2.0
Ice Magic      | 2 5 |  5.8
Fighting       | 1 3 4 |  4.3
Dodging        | |  1.7
Stealth        | |  1.7

Action                   |  1- 3 |  4- 6 |  7- 9 || total
-------------------------+-------+-------+-------++-------
Melee: Dagger            |    30 |    70 |   118 ||   218
       Unarmed           |       |     3 |       ||     3
 Fire: Hand crossbow     |       |    58 |     3 ||    61
 Cast: Magic Dart        |    54 |    91 |   104 ||   249
       Call Imp          |    13 |    27 |     9 ||    49
       Frozen Ramparts   |       |       |    15 ||    15
       Mephitic Cloud    |       |       |     2 ||     2
       Summon Ice Beast  |       |       |     1 ||     1
Evoke: Wand              |       |       |    11 ||    11
  Use: Scroll            |     3 |     7 |     4 ||    14
       Potion            |       |     3 |     6 ||     9
 Stab: Distracted        |       |     2 |       ||     2
       Sleeping          |       |     1 |       ||     1
       Invisible         |       |       |     1 ||     1
Armor: Robe              |    17 |    52 |    63 ||   132
       Skin              |       |     2 |       ||     2
Dodge: Dodged            |    31 |   100 |    82 ||   213

Table legend: (Time is in decaauts)
 A = Elapsed time spent in this place.
 B = Non-inter-level travel time spent in this place.
 C = Inter-level travel time spent in this place.
 D = Time resting spent in this place.
 E = Time spent auto-exploring this place.
 F = Levels seen in this place.
 G = Mean time per level.
                   A        B        C        D        E       F      G
               +--------+--------+--------+--------+--------+-----+--------+
         Total |   9523 |   9169 |    354 |   2369 |   5254 |   8 | 1190.4 |
       Dungeon |   9523 |   9169 |    354 |   2369 |   5254 |   8 | 1190.4 |
               +--------+--------+--------+--------+--------+-----+--------+

Top non-repeatable levels by time:
     D:3: 2097 daAuts
     D:5: 1945 daAuts
     D:2: 1601 daAuts
     D:1: 946 daAuts
     D:4: 923 daAuts
     D:7: 822 daAuts
     D:6: 656 daAuts
     D:8: 529 daAuts
